Map: Blueshift LE

Players

Subwaymaker - Winner!

  • Race: Protoss Protoss
  • League: Silver
  • Spawn Location: 7:00

Mesrob

  • Race: Terran Terran
  • Spawn Location: 1:00

VOD

Have the link to the VOD?

Description

Time

  • Played on: Jan. 8, 2019, 11:09 a.m.
  • Length: 21:36
Show
View Real Time Build Order
Export as new Build Order

Subwaymaker Protoss - Winner!

Build Orders: Archon Immortal 

Get SALT Encoding   

  12  0:01  Probe  
  13  0:13  Probe  
  14  0:22  Pylon  
  14  0:29  Assimilator  
  14  0:30  Probe  
  15  0:51  Gateway  
  15  0:52  Probe  
  16  1:00  Probe  
  16  1:08  Probe  
  17  1:17  Assimilator  
  18  1:20  Probe  
  19  1:32  Probe  
  19  1:36  Pylon  
  20  1:41  Probe  
  20  1:45  Cybernetics Core  
  21  1:49  Probe  
  22  1:55  Zealot  
  22  1:58  Probe  
  24  2:06  Probe  
  25  2:14  Probe  
  27  2:23  Nexus  
  27  2:25  Probe  
  28  2:36  Twilight Council  
  28  2:47  Sentry  
  28  2:48  Warp Gate  
  30  2:56  Pylon  
  30  2:59  Robotics Facility  
  30  3:07  Gateway  
  30  3:19  Stalker  
  32  3:21  Charge  
  32  3:32  Pylon  
  32  3:34  Pylon, Probe  
  32  3:37  Probe  
  34  3:42  Probe  
  35  3:49  Observer, Probe  
  37  3:55  Gateway  
  37  3:59  Gateway  
  37  4:06  Probe x2  
  37  4:09  Assimilator  
  39  4:30  Warp Prism  
  41  4:34  Probe  
  41  4:38  Probe  
  43  4:44  Stalker  
  43  4:45  Zealot  
  47  4:46  Probe  
  47  4:50  Probe  
  49  4:54  Assimilator  
  49  4:58  Pylon, Probe  
  50  5:00  Pylon  
  50  5:02  Probe  
  50  5:04  Zealot  
  53  5:10  Probe  
  54  5:14  Probe  
  54  5:16  Pylon  
  55  5:21  Templar Archives  
  55  5:22  Probe  
  55  5:23  Forge  
  55  5:26  Probe  
  57  5:34  Probe  
  57  5:35  Gateway  
  58  5:38  Probe  
  58  5:42  Zealot x2  
  63  5:43  Stalker  
  63  5:44  Stalker  
  67  5:57  Protoss Ground Armor Level 1  
  67  6:07  Stalker  
  67  6:08  Stalker  
  71  6:13  Probe, Psionic Storm  
  72  6:21  Probe  
  73  6:39  Immortal  
  77  6:43  Nexus  
  77  6:45  Pylon  
  77  6:59  Gateway x2  
  77  7:09  Blink  
  77  7:11  Zealot  
  77  7:12  Zealot x2  
  77  7:13  Zealot  
  85  7:32  Zealot x2  
  85  7:33  Zealot x2  
  93  7:53  Zealot x2  
  93  7:54  Zealot x2  
  93  8:01  Protoss Ground Weapons Level 1  
  93  8:02  Zealot  
  93  8:03  Zealot  
  85  8:20  Immortal  
  87  8:29  Pylon  
  87  8:30  Probe x2  
  87  8:32  Pylon  
  87  8:33  Probe  
  90  8:38  Sentry  
  90  8:39  Sentry, High Templar  
  90  8:40  High Templar x3  
  102  8:42  Probe x2  
  102  8:45  Probe  
  105  8:54  Probe x2  
  107  8:57  Probe  
  107  8:59  Immortal, Archon  
  112  9:03  Pylon, High Templar x2  
  112  9:05  Pylon  
  112  9:06  Archon, Probe x2  
  112  9:09  Assimilator, Probe  
  119  9:13  Assimilator  
  119  9:21  High Templar  
  119  9:22  High Templar  
  119  9:23  Zealot x2  
  127  9:31  Pylon  
  117  9:39  Immortal  
  117  9:42  Stalker  
  117  9:43  Stalker  
  120  9:45  Stalker  
  80  10:39  Probe x3  
  80  10:42  High Templar x2  
  85  10:43  High Templar  
  85  10:44  High Templar, Sentry  
  85  10:45  Adept  
  81  10:51  Probe x2  
  69  11:05  Zealot  
  69  11:08  Zealot  
  73  11:15  Gateway  
  73  11:17  Gateway  
  73  11:21  Gateway  
  73  11:23  Gateway  
  73  11:26  Stargate  
  73  11:29  Stargate  
  73  11:43  Zealot x3  
  73  11:44  Zealot x3  
  85  11:47  Immortal  
  89  12:06  Forge  
  89  12:09  Stargate  
  89  12:20  Photon Cannon  
  89  12:23  Photon Cannon  
  89  12:25  Probe x2  
  89  12:26  Observer, Probe, Photon Cannon  
  93  12:31  Zealot x3, Photon Cannon  
  93  12:33  High Templar x2, Photon Cannon  
  93  12:35  Void Ray  
  107  12:37  Probe  
  107  12:40  Void Ray  
  112  12:45  Nexus  
  112  12:46  Pylon  
  112  12:48  Pylon  
  112  12:52  Pylon  
  112  13:13  Sentry x2  
  112  13:14  Sentry  
  112  13:16  High Templar x2  
  112  13:17  High Templar x2  
  126  13:22  Archon  
  126  13:23  Archon  
  126  13:29  Immortal  
  126  13:30  Void Ray  
  134  13:34  Void Ray  
  134  13:40  Stalker  
  140  13:41  Stalker  
  140  13:48  Probe x2  
  144  13:54  Stalker  
  146  14:12  Probe  
  147  14:20  Assimilator  
  147  14:24  Assimilator, Probe  
  147  14:28  Pylon  
  147  14:31  Pylon  
  148  14:32  Protoss Ground Armor Level 2  
  148  14:33  Photon Cannon  
  148  14:35  Shield Battery  
  148  14:36  Probe  
  149  14:39  Protoss Shields Level 1  
  149  14:47  Robotics Bay  
  149  15:04  Immortal  
  149  15:05  Void Ray x2  
  161  15:26  Zealot x3  
  161  15:27  Zealot  
  169  15:38  Colossus  
  169  15:44  Extended Thermal Lance  
  175  15:56  Protoss Air Weapons Level 1  
  175  16:13  High Templar  
  175  16:14  High Templar x2  
  175  16:18  Zealot x2  
  183  16:19  Zealot x2  
  183  16:20  Zealot  
  191  16:26  Nexus  
  191  16:29  Pylon  
  191  16:31  Pylon  
  191  16:32  Colossus  
  197  16:34  Pylon  
  197  16:38  Assimilator  
  87  18:00  Colossus  
  87  18:01  Void Ray x2  
  87  18:02  Void Ray  
  105  18:08  Zealot x3  
  105  18:09  Zealot x2  
  105  18:10  Zealot  
  105  18:11  Zealot x3  
  105  18:12  Zealot  
  125  18:21  Assimilator  
  125  18:26  Probe  
  125  18:33  High Templar  
  125  18:34  Probe, Protoss Ground Weapons Level 2, High Templar x3  
  128  18:36  Stalker, Sentry  
  128  18:37  Protoss Shields Level 2, Zealot  
  141  18:44  Void Ray, Probe  
  141  18:47  Zealot x2  
  141  18:48  Zealot  
  152  18:53  Colossus  
  158  18:56  Probe  
  159  19:04  Void Ray x2  
  167  19:15  Photon Cannon  
  167  19:16  Photon Cannon  
  167  19:18  Photon Cannon  
  167  19:20  Photon Cannon  
  167  19:23  Photon Cannon  
  167  19:27  Void Ray  
  171  19:32  Gateway  
  171  19:34  Gateway  
  171  19:37  Gateway  
  171  19:47  Colossus  
  171  19:50  Zealot x4  
  171  19:51  Zealot x2  
  189  19:53  High Templar x2  
  189  19:55  High Templar  
  189  19:56  High Templar  
  197  20:10  Archon  
  197  20:15  Archon  
Show
View Real Time Build Order
Export as new Build Order

Mesrob Terran 

Build Orders:  

Get SALT Encoding   

  12  0:01  SCV  
  13  0:17  Supply Depot  
  13  0:30  SCV  
  14  0:37  Refinery  
  14  0:40  Barracks  
  14  0:42  SCV  
  15  0:52  Refinery  
  15  0:54  SCV  
  16  1:27  Orbital Command  
  16  1:32  Barracks  
  16  1:48  Marine  
  16  1:51  Supply Depot  
  17  2:07  Marine  
  18  2:19  Factory  
  18  2:22  Barracks Tech Lab  
  18  2:39  SCV  
  19  2:45  Command Center  
  19  2:48  Marauder  
  19  2:51  Combat Shield, SCV  
  22  3:00  Barracks Reactor  
  22  3:05  Factory Tech Lab  
  22  3:12  Starport  
  22  3:33  Siege Tank  
  25  3:42  SCV  
  25  3:47  Marine x2  
  28  3:55  Starport Reactor  
  28  4:07  Orbital Command, Engineering Bay  
  28  4:17  Marine x2, Liberator  
  28  4:24  Siege Tank  
  33  4:33  Orbital Command  
  36  4:50  Liberator  
  36  4:52  SCV  
  37  4:58  Refinery  
  37  5:04  SCV  
  41  5:17  Supply Depot  
  41  5:18  Marine  
  41  5:19  Marine  
  43  5:32  Marauder  
  45  5:36  Marine  
  45  5:38  Marine  
  45  5:42  Supply Depot  
  47  5:55  Stimpack  
  46  6:11  Marine  
  46  6:12  Marine  
  46  6:17  Terran Infantry Weapons Level 1, Missile Turret  
  48  6:23  Missile Turret  
  48  6:25  SCV  
  49  6:29  SCV  
  50  6:37  SCV  
  51  6:49  SCV  
  51  6:53  Missile Turret  
  52  6:59  Missile Turret  
  52  7:01  SCV  
  52  7:04  SCV  
  54  7:11  Refinery  
  54  7:14  Supply Depot, SCV  
  55  7:16  Siege Tank, SCV  
  59  7:26  SCV  
  59  7:28  SCV  
  61  7:37  Supply Depot  
  61  7:38  SCV  
  57  7:50  SCV  
  46  8:09  SCV  
  46  8:12  Terran Infantry Armor Level 1  
  42  8:21  SCV  
  42  8:22  SCV  
  44  8:33  SCV  
  45  8:34  SCV  
  45  8:41  Liberator x2  
  46  8:45  SCV  
  46  8:46  SCV  
  48  8:52  Marine  
  48  8:53  Marine x2  
  54  8:55  Siege Tank  
  54  8:58  SCV x2  
  62  9:10  Marine  
  62  9:11  Marine, SCV  
  65  9:44  Liberator x2  
  65  9:47  Marine x3  
  65  9:52  Siege Tank  
  65  10:02  SCV  
  65  10:04  Marine  
  65  10:05  Marine x2  
  54  10:14  SCV  
  52  10:26  SCV  
  43  10:38  SCV  
  43  10:39  SCV  
  42  10:51  SCV x2  
  42  10:57  Marine  
  45  11:07  Siege Tank  
  45  11:10  SCV  
  49  11:22  Supply Depot, Command Center, SCV  
  50  11:29  Armory  
  50  11:34  SCV  
  50  11:39  Siege Tank  
  54  11:46  SCV  
  55  11:49  Liberator  
  55  11:58  SCV  
  55  12:00  Marine  
  55  12:01  Marine x2  
  62  12:10  SCV  
  62  12:11  Siege Tank  
  62  12:12  Supply Depot  
  66  12:18  Marine  
  66  12:19  Marine x2  
  69  12:24  Starport  
  69  12:36  Marine  
  69  12:37  Marine x2  
  70  12:43  Siege Tank  
  75  12:54  Marine x3  
  78  13:02  Planetary Fortress  
  78  13:07  Refinery, SCV  
  78  13:12  Marine  
  78  13:19  SCV  
  79  13:25  Liberator x2  
  79  13:31  SCV  
  82  13:34  Marauder  
  82  13:37  Marine x2  
  82  13:41  Starport Tech Lab  
  84  13:43  SCV  
  91  13:49  Fusion Core  
  91  13:54  Marine  
  91  13:55  Marine, Marauder, SCV  
  96  14:07  SCV  
  96  14:10  Siege Tank  
  96  14:12  Marine  
  96  14:13  Marine  
  96  14:16  Marine  
  102  14:19  SCV  
  103  14:28  Supply Depot  
  103  14:29  Terran Infantry Weapons Level 2  
  103  14:30  Marine x2  
  105  14:33  Terran Vehicle Weapons Level 1  
  105  14:34  Marauder  
  107  14:38  Supply Depot, Raven  
  107  14:42  Siege Tank  
  112  14:47  SCV  
  112  14:48  Marine  
  114  14:53  SCV  
  114  14:56  Marauder  
  114  14:59  SCV  
  118  15:00  Refinery  
  118  15:05  SCV  
  119  15:14  Siege Tank  
  119  15:17  SCV  
  123  15:21  Raven  
  123  15:26  Viking  
  123  15:27  Viking  
  129  15:30  SCV  
  130  15:46  Siege Tank  
  133  16:04  Supply Depot, Command Center  
  133  16:19  Supply Depot  
  139  16:25  Viking x2  
  133  16:27  Terran Vehicle And Ship Armor Level 1, Supply Depot  
  137  16:44  SCV  
  137  16:45  Terran Infantry Armor Level 2  
  138  16:51  Supply Depot  
  138  16:55  Viking x2  
  138  16:56  SCV  
  138  16:59  Supply Depot  
  143  17:09  SCV  
  144  17:21  Supply Depot, SCV  
  127  17:25  Viking  
  92  17:33  SCV  
  52  17:41  Marine  
  52  17:42  Marine x2  
  41  17:53  Battlecruiser  
  41  17:56  Siege Tank  
  50  17:59  Marine x2  
  50  18:00  Marine  
  53  18:08  Supply Depot  
  53  18:10  Supply Depot  
  53  18:17  Marine x2  
  53  18:18  Marine  
  53  18:19  Refinery  
  56  18:21  Planetary Fortress, Terran Vehicle Weapons Level 2  
  56  18:28  Siege Tank  
  59  18:35  Marine x2  
  59  18:36  Marine  
  59  18:39  Orbital Command  
  62  18:44  Refinery  
  62  18:51  Supply Depot  
  62  18:53  Marine, Viking x2  
  67  18:57  Battlecruiser  
  67  18:59  Command Center  
  73  19:14  SCV  
  73  19:16  Liberator x2  
  74  19:26  SCV  
  75  19:36  Marine x3  
  84  19:38  SCV  
  84  19:44  Refinery  
  85  19:51  SCV  
  86  19:54  Marine x3  
  89  20:03  SCV  
  90  20:11  Marine  
  90  20:12  Marine x2  
  93  20:16  Planetary Fortress  
  93  20:23  Missile Turret  
  93  20:27  Sensor Tower  
  93  20:29  Marine, SCV  
  93  20:30  Marine x2  
  93  20:35  Siege Tank  
  100  20:44  SCV  
  100  20:47  Marine  
  100  20:48  Marine x2  
  104  20:56  SCV  
  92  21:05  Marine x3  
  92  21:08  SCV  
Tags
 
Composition
Archon Immortal
League
Silver
Matchup
PvT
Replay Pack
sc2 replays
Spawn Locations
Cross Positions
Add a new tag
Caveats
  • Supply blocks, unpowered buildings, or Contaminate may cause inaccurate times.
  • Supply counts are checked every 10 seconds.